 Dungeon Crawl Stone Soup version 0.29.1-14-g9c671dbff4 (webtiles) character file.

Game seed: 17253731106959553225

70 fleeber the Slasher (level 4, -4/34 HPs)
             Began as a Merfolk Gladiator on Feb 19, 2023.
             Slain by an orc priest
             ... wielding a +0 flail
              (6 damage)
             ... on level 3 of the Dungeon.
             The game lasted 00:06:57 (2209 turns).

fleeber the Slasher (Merfolk Gladiator)             Turns: 2209, Time: 00:06:57

Health: -4/34      AC:  5    Str: 14    XL:     4   Next: 21%
Magic:  4/4        EV: 14    Int:  7    God:
Gold:   76         SH:  0    Dex: 17    Spells: 3/3 levels left

rFire   . . .      SeeInvis .   a - +0 long sword
rCold   . . .      Faith    .   (no shield)
rNeg    . . .      Spirit   .   b - +0 leather armour
rPois   .          Reflect  .   c - +0 helmet
rElec   .          Harm     .   (no cloak)
rCorr   .          Rampage  .   m - +0 pair of gloves
Will    .....                   (no boots)
Stlth   +.........              (no amulet)
HPRegen 0.11/turn               (no ring)
MPRegen 0.09/turn               (no ring)

@: no status effects
A: (nimble swimmer 2), mertail
a: no special abilities


You were on level 3 of the Dungeon.
You visited 1 branch of the dungeon, and saw 3 of its levels.

You collected 76 gold pieces.

Inventory:

Hand Weapons
 a - a +0 long sword (weapon)
Missiles
 d - 3 throwing nets
 e - a javelin
 n - 17 stones (quivered)
Armour
 b - a +0 leather armour (worn)
 c - a +0 helmet (worn)
 m - a +0 pair of gloves (worn)
Jewellery
 r - an amulet of guardian spirit
Scrolls
 g - a scroll of summoning {unknown}
 h - a scroll of identify {unknown}
 k - a scroll of fog {unknown}
 l - a scroll of teleportation {unknown}
 o - a scroll of enchant weapon {unknown}
 q - a scroll of amnesia {unknown}
Potions
 f - a potion of cancellation {unknown}
 i - a potion of attraction {unknown}
 j - 2 potions of curing {unknown}
 p - 2 potions of flight {unknown}
 s - 2 potions of mutation {unknown}
 t - a potion of magic {unknown}


   Skills:
 + Level 2.9 Fighting
 * Level 4.9 Long Blades
 - Level 2.0 Throwing
 + Level 4.8 Dodging


You had 3 spell levels left.
You didn't know any spells.
Your spell library contained the following spells:

 Spells                   Type           Power      Damage    Failure   Level
 Sublimation of Blood     Necr           0%         N/A       65%         2
 Wereblood                Tmut           0%         N/A       65%         2
 Summon Hydra             Summ           0%         N/A       100%        7


Dungeon Overview and Level Annotations

Branches:
Dungeon (3/15)

Altars:
Ru

Annotations:
D:1 exclusion: downstairs
D:2 Natasha, Sigmund
D:3 exclusion: upstairs


Innate Abilities, Weirdness & Mutations

((You are very nimble when in or above water. (Stealth+, EV+, Speed+++)))
Your lower body shifts to a powerful aquatic tail in water.


Message History

The orc priest is lightly wounded.
The orc priest closely misses you.
You closely miss the orc priest.
The orc priest is lightly wounded.
The orc priest hits you with a +0 flail.
You hit the orc priest but do no damage.
The orc priest is lightly wounded.
The orc priest hits you with a +0 flail.
You hit the orc priest but do no damage.
The orc priest is lightly wounded.
The orc priest barely misses you. The orc priest closely misses you.
You hit the orc priest but do no damage.
The orc priest is lightly wounded.
The orc priest calls down the wrath of Beogh upon you.
Pain shoots through your body!
* * * LOW HITPOINT WARNING * * *
You hit the orc priest.
The orc priest is heavily wounded.
The orc priest barely misses you.
You hit the orc priest but do no damage.
The orc priest is heavily wounded.
The orc priest barely misses you.
You closely miss the orc priest.
The orc priest is heavily wounded.
The orc priest barely misses you.
You hit the orc priest but do no damage.
The orc priest is heavily wounded.
The orc priest completely misses you.
You hit the orc priest but do no damage.
The orc priest is heavily wounded.
The orc priest misses you.
The orc priest hits you but does no damage.
You hit the orc priest.
The orc priest is severely wounded.
The orc priest hits you with a +0 flail.
* * * LOW HITPOINT WARNING * * *
You hit the orc priest.
The orc priest is almost dead.
The orc priest hits you with a +0 flail.
You die...

###########
#.........#
###.........#
....!.......#
#....†....#
#.<...#
##@.#####
#.o.......
#.......[.
.?.....)........
................
####.#..........
#.............
#...##.........
#. . #########


You could see an orc priest.

Vanquished Creatures
  2 adders (D:2)
  A dart slug (D:2)
  2 orcs (D:3)
  5 bats
  4 endoplasms
  3 giant cockroaches
  4 goblins
  3 hobgoblins (D:1)
  5 kobolds
  4 quokkas
  6 ball pythons
  4 rats
43 creatures vanquished.

Notes
Turn   | Place    | Note
-------+----------+-------------------------------------------
     0 | D:1      | fleeber the Merfolk Gladiator began the quest for the Orb.
     0 | D:1      | Reached XP level 1. HP: 16/16 MP: 1/1
   304 | D:1      | Noticed a floating eye
   312 | D:1      | Reached XP level 2. HP: 19/23 MP: 2/2
   315 | D:1      | Found a faded altar of an unknown god.
   455 | D:1      | Noticed a floating eye
   455 | D:1      | Noticed a great orb of eyes
   455 | D:1      | Noticed a floating eye
   935 | D:1      | Reached XP level 3. HP: 26/28 MP: 3/3
  1120 | D:2      | Found a sacrificial altar of Ru.
  1747 | D:2      | Noticed Sigmund
  1800 | D:2      | Reached XP level 4. HP: 30/34 MP: 4/4
  1887 | D:2      | Identified the +5 sling of the Stopping Gods {flame, rF++
                  | rC+ Str-4}
  2134 | D:2      | Noticed Natasha
  2209 | D:3      | Slain by an orc priest

Illustrated notes

Levels and vault maps discovered:
D:1:      lightli_arrival_lavapool, layout_basic,
          hellmonk_ecumenical_altar_watching_god
D:2:      layout_basic, serial_shops, nicolae_lakefront_shop, basic_altar,
          chequers_garden, st_stairs_4, uniq_natasha, uniq_sigmund
D:3:      layout_rooms, lemuel_coloured_pillars_altar

Skill      XL: |  1 |
---------------+----+-----
Long Blades    | 4 |  4.9
Fighting       | |  2.9
Throwing       | |  2.0
Dodging        | |  4.8

Action                   |  1- 3 |  4- 6 || total
-------------------------+-------+-------++-------
Melee: Long sword        |   100 |    35 ||   135
       Punch             |     5 |       ||     5
Armor: Leather armour    |    29 |     6 ||    35
Dodge: Dodged            |    98 |    37 ||   135
